 Dungeon Crawl Stone Soup version 0.20.2-3-g29329e0561 (webtiles) character file.

161 Alfie the Skirmisher (level 5, 0/46 HPs)
             Began as a Hill Orc Fighter on Nov 23, 2023.
             Slain by a gnoll
             ... wielding a +0 halberd
              (12 damage)
             ... on level 3 of the Dungeon on Nov 24, 2023.
             The game lasted 00:06:19 (2645 turns).

Alfie the Skirmisher (Hill Orc Fighter)             Turns: 2645, Time: 00:06:19

Health: 0/46       AC:  8    Str: 20    XL:     5   Next: 42%
Magic:  5/5        EV:  7    Int:  8    God:
Gold:   120        SH:  9    Dex: 10    Spells: 4/4 levels left

rFire    . . .     SeeInvis .   a - +0 rapier
rCold    . . .     Gourm    .   c - +0 shield
rNeg     . . .     Faith    .   b - +0 scale mail
rPois    .         Spirit   .   r - +0 helmet
rElec    .         Reflect  .   (no cloak)
rCorr    .         Harm     .   (no gloves)
MR       .....                  (no boots)
Stlth    ..........             (no amulet)
Regen    0.2/turn               (no ring)
MPRegen  0.1/turn               (no ring)

@: drained
A: no striking features
a: no special abilities


You were on level 3 of the Dungeon.
You were not hungry.

You visited 1 branch of the dungeon, and saw 3 of its levels.

You collected 120 gold pieces.

Inventory:

Hand Weapons
 a - a +0 rapier (weapon)
Missiles
 l - 3 tomahawks (quivered)
Armour
 b - a +0 scale mail (worn)
 c - a +0 shield (worn)
 r - a +0 helmet (worn)
Scrolls
 e - 7 scrolls of fear
 g - 3 scrolls of remove curse {unknown}
 h - a scroll of immolation {unknown}
 j - a scroll of random uselessness {unknown}
 k - 2 scrolls of teleportation {unknown}
 m - a scroll of identify
 o - 2 scrolls of magic mapping {unknown}
 p - a scroll of noise {unknown}
 q - a scroll of enchant armour {unknown}
Potions
 d - 2 potions of might
 i - 2 potions of heal wounds {unknown}
 s - a potion of brilliance {unknown}
Books
 f - a book of Cantrips

   Spells                             Type                      Level
   a - Confusing Touch                Hexes                        1
   b - Animate Skeleton               Necromancy                   1
   c - Summon Small Mammal            Summoning                    1
   d - Apportation                    Translocation                1
Comestibles
 n - a meat ration


   Skills:
 + Level 4.2(3.8) Fighting
 + Level 3.3(2.9) Short Blades
 + Level 4.1(3.7) Armour
 + Level 1.1(0.7) Dodging
 + Level 0.3(0.0) Stealth
 + Level 4.1(3.7) Shields


You had 4 spell levels left.
You didn't know any spells.

Dungeon Overview and Level Annotations

Branches:
Dungeon (3/15)

Altars:


Message History

You kill the gnoll!
You block the gnoll's attack. The gnoll hits you but does no damage.
You block the gnoll's attack.
Things that are here:
a spear; a flail of draining The gnoll hits you with a halberd!
You block the gnoll's attack. The gnoll barely misses you.
You block the gnoll's attack.
Things that are here:
a spear; a flail of draining You block the gnoll's attack.
The gnoll hits you with a halberd!
* * * LOW HITPOINT WARNING * * *
You block the gnoll's attack.
You hit the gnoll.
The gnoll is heavily wounded.
You block the gnoll's attack. x2
You hit the gnoll but do no damage.
The gnoll is heavily wounded.
The gnoll hits you with a halberd!
You die...

.#.###..# #.##.#
...
#.....<..####.##..
..
#.#.#.........####
.. # #....>...##
.### #......#.# ##
... ########.# ..
#.# .........#
#.#g##############
#...g@.# ######.#
#.###############
#..(....##.......
#######.##.######
#.##.# #....#
######


You could see 2 gnolls.

Vanquished Creatures
  A bullfrog zombie (D:3)
  Terence (D:2)
  2 gnolls (D:3)
  2 adders
  An ooze (D:1)
  2 worms (D:2)
  4 dart slugs
  A leopard gecko (D:1)
  5 bats
  3 giant cockroaches
  8 goblins
  9 hobgoblins
  A quokka (D:3)
  2 ball pythons (D:1)
  4 frilled lizards
  2 kobolds
  3 rats (D:1)
51 creatures vanquished.

Notes
Turn   | Place    | Note
-------+----------+-------------------------------------------
     0 | D:1      | Alfie the Hill Orc Fighter began the quest for the Orb.
     0 | D:1      | Reached XP level 1. HP: 19/19 MP: 1/1
   211 | D:1      | Reached XP level 2. HP: 24/27 MP: 2/2
   632 | D:1      | Reached XP level 3. HP: 31/33 MP: 3/3
  1607 | D:2      | Noticed Terence
  1642 | D:2      | Killed Terence
  1642 | D:2      | Reached XP level 4. HP: 27/40 MP: 4/4
  1832 | D:2      | Reached skill level 1 in Dodging
  2386 | D:3      | Reached XP level 5. HP: 29/46 MP: 5/5
  2645 | D:3      | Slain by a gnoll

Skill      XL: |  1  2  3  4 |
---------------+-------------+-----
Fighting       | 4 |  4.2
Dodging        | 1 |  1.1
Short Blades   | 3 |  3.3
Armour         | 4 |  4.1
Shields        | 4 |  4.1
Stealth        | |  0.3

Action                   |  1- 3 |  4- 6 || total
-------------------------+-------+-------++-------
Melee: Rapier            |   130 |    90 ||   220
  Use: Scroll            |       |     1 ||     1
  Eat: Bread ration      |     1 |     1 ||     2
Armor: Scale mail        |    57 |    41 ||    98
Dodge: Dodged            |    32 |    25 ||    57
Block: Shield            |    62 |    51 ||   113
